[ AOE2 MATCH · #480615221 ]
UnrankedShu vs Italians
[ REPLAY ANALYSIS · EXTRACTED FROM THE RECORDED GAME ]
Feudal
12:36
Castle
22:33
Imperial
39:24
| APM avg | 43.4 |
| APM peak | 81 |
| eAPM avg | 22.2 |
| Villagers / military | 168 / 160 |
Focus
⚔️ 45.1% · 🌾 54.9%
Unknown (2626) ×134 · Spearman ×110 · Unknown (1959) ×60 · Fire Galley ×33 · Archer ×15 · Unknown (1942) ×14
Feudal
12:42
Castle
18:25
Imperial
32:28
| APM avg | 37.5 |
| APM peak | 113 |
| eAPM avg | 23.4 |
| Villagers / military | 198 / 394 |
Focus
⚔️ 34.6% · 🌾 65.4%
Battle Elephant ×162 · Skirmisher ×89 · Spearman ×87 · Fire Galley ×29 · Unknown (2626) ×16 · Fishing Ship ×13
Feudal
13:43
Castle
17:38
Imperial
34:40
| APM avg | 38.2 |
| APM peak | 83 |
| eAPM avg | 24.9 |
| Villagers / military | 161 / 138 |
Focus
⚔️ 40.4% · 🌾 59.6%
Genoese Crossbowman ×112 · Unknown (882) ×80 · Unknown (2626) ×28 · Fishing Ship ×13 · Demolition Raft ×11 · Fire Galley ×5
Feudal
24:52
Castle
32:30
Imperial
41:57
| APM avg | 33.9 |
| APM peak | 87 |
| eAPM avg | 22.7 |
| Villagers / military | 145 / 173 |
Focus
⚔️ 35.4% · 🌾 64.6%
Skirmisher ×134 · Spearman ×36 · Fishing Ship ×9 · Trebuchet (Packed) ×3
Feudal
20:24
Castle
32:07
Imperial
46:08
| APM avg | 44.2 |
| APM peak | 80 |
| eAPM avg | 24.8 |
| Villagers / military | 152 / 88 |
Focus
⚔️ 34.7% · 🌾 65.3%
Leitis ×78 · Fishing Ship ×28 · Trebuchet (Packed) ×6 · Monk ×4 · Unknown (2626) ×1
Feudal
13:54
Castle
17:49
Imperial
36:38
| APM avg | 46.1 |
| APM peak | 99 |
| eAPM avg | 27.2 |
| Villagers / military | 190 / 204 |
Focus
⚔️ 41.5% · 🌾 58.5%
Rattan Archer ×146 · Battle Elephant ×46 · Fishing Ship ×12 · Bombard Cannon ×7 · Trebuchet (Packed) ×5 · Unknown (2626) ×2
Feudal
13:30
Castle
18:19
Imperial
38:53
| APM avg | 27.4 |
| APM peak | 49 |
| eAPM avg | 16.5 |
| Villagers / military | 163 / 83 |
Focus
⚔️ 23.8% · 🌾 76.2%
Skirmisher ×60 · War Wagon ×21 · Fishing Ship ×9 · Turtle Ship ×2
Feudal
12:06
Castle
22:28
Imperial
39:06
| APM avg | 26.5 |
| APM peak | 58 |
| eAPM avg | 18.1 |
| Villagers / military | 159 / 128 |
Focus
⚔️ 43.0% · 🌾 57.0%
Unknown (2626) ×105 · War Elephant ×86 · Fishing Ship ×34 · Hand Cannoneer ×25 · Galley ×13 · Trebuchet (Packed) ×3
Match map
Initial resources + every placement click. Lines = walls · curves = elevation contours. ◆ gold · ⬟ stone · ● berries · ✦ relic · ◌ wall gap
Your base· ✓ Closed at 22:33 · 40t walls · fragile
Songoku's base· Open — 3t gap
machpatel's base· Open — 5t gap
김정은's base· Open — 13t gap
GirlWonder_'s base· Open — 7t gap
umugwanyi's base· Open — 8t gap
快樂 543's base· Open — 8t gap
VN_BILL's base· Open — unwalled flank
Smoothed initial terrain · ◌ = detected wall gap · hover for details
Inputs per minute
— 凛冬已至 - - Songoku
Build order — 凛冬已至
First 150 of 680 actions detected
| 0:27 | Build | Town Center |
| 1:22 | Build | House |
| 1:24 | Build | Dock |
| 2:50 | Create | Villager (Male) |
| 2:51 | Create | Villager (Male) |
| 2:51 | Create | Villager (Male) |
| 2:52 | Create | Villager (Male) |
| 2:53 | Create | Villager (Male) |
| 4:21 | Create | Fishing Ship |
| 4:21 | Create | Fishing Ship |
| 4:26 | Create | Villager (Male) |
| 4:26 | Create | Villager (Male) |
| 4:58 | Create | Villager (Male) |
| 4:59 | Create | Villager (Male) |
| 5:06 | Build | House |
| 5:10 | Create | Villager (Male) |
| 5:10 | Create | Villager (Male) |
| 5:45 | Build | House |
| 5:47 | Create | Villager (Male) |
| 5:47 | Create | Villager (Male) |
| 5:54 | Create | Villager (Male) |
| 5:54 | Create | Villager (Male) |
| 6:10 | Create | Villager (Male) |
| 6:10 | Create | Villager (Male) |
| 6:31 | Create | Fishing Ship |
| 6:32 | Create | Fishing Ship |
| 6:34 | Create | Villager (Male) |
| 6:34 | Create | Villager (Male) |
| 7:03 | Build | House |
| 7:04 | Create | Villager (Male) |
| 7:05 | Create | Villager (Male) |
| 7:05 | Create | Villager (Male) |
| 7:38 | Create | Villager (Male) |
| 7:44 | Build | House |
| 8:01 | Create | Villager (Male) |
| 8:10 | Build | Mining Camp |
| 8:19 | Create | Villager (Male) |
| 8:59 | Create | Fishing Ship |
| 9:08 | Build | House |
| 9:38 | Create | Fishing Ship |
| 9:45 | Research | Loom |
| 9:58 | Build | House |
| 10:13 | Build | House |
| 10:26 | Research | Feudal Age |
| 10:27 | Research | Feudal Age |
| 11:23 | Build | House |
| 11:39 | Build | Palisade Wall |
| 11:41 | Build | Dock |
| 11:46 | Create | Villager (Male) |
| 12:01 | Build | Lumber Camp |
| 12:27 | Build | House |
| 12:28 | Build | House |
| 12:36 | Age | Feudal Age |
| 12:38 | Create | Unit 2626 |
| 12:44 | Create | Unit 2626 |
| 12:44 | Create | Unit 2626 |
| 12:46 | Create | Villager (Male) |
| 13:13 | Research | Double-Bit Axe |
| 13:13 | Research | Double-Bit Axe |
| 13:13 | Research | Double-Bit Axe |
| 13:20 | Create | Villager (Male) |
| 13:40 | Research | Tech 906 |
| 13:43 | Create | Villager (Male) |
| 13:47 | Create | Unit 2626 |
| 13:48 | Create | Unit 2626 |
| 13:48 | Create | Unit 2626 |
| 13:49 | Create | Villager (Male) |
| 14:03 | Create | Unit 2626 |
| 14:03 | Create | Unit 2626 |
| 14:05 | Create | Villager (Male) |
| 14:05 | Create | Villager (Male) |
| 14:24 | Create | Villager (Male) |
| 14:39 | Create | Villager (Male) |
| 14:55 | Create | Unit 2626 ×3 |
| 14:55 | Create | Unit 2626 ×3 |
| 15:04 | Create | Villager (Male) |
| 15:09 | Build | House |
| 15:10 | Build | House |
| 15:18 | Create | Villager (Male) |
| 15:33 | Build | Lumber Camp |
| 15:37 | Create | Unit 2626 |
| 15:37 | Create | Unit 2626 |
| 15:37 | Create | Unit 2626 |
| 15:46 | Create | Villager (Male) |
| 16:17 | Build | Dock |
| 16:52 | Create | Unit 2626 ×2 |
| 16:52 | Create | Unit 2626 ×2 |
| 16:58 | Create | Demolition Raft |
| 16:58 | Create | Demolition Raft |
| 17:06 | Create | Unit 2626 |
| 17:07 | Create | Unit 2626 |
| 17:10 | Create | Villager (Male) |
| 17:26 | Build | Blacksmith |
| 17:35 | Create | Villager (Male) |
| 17:37 | Build | Mill |
| 17:51 | Create | Unit 2626 |
| 17:51 | Create | Unit 2626 |
| 17:51 | Create | Unit 2626 |
| 18:15 | Build | House |
| 18:23 | Create | Unit 2626 ×2 |
| 18:23 | Create | Unit 2626 ×3 |
| 18:23 | Create | Unit 2626 ×3 |
| 18:23 | Create | Unit 2626 |
| 18:25 | Create | Villager (Male) |
| 18:33 | Create | Villager (Male) |
| 18:57 | Build | Market |
| 19:03 | Create | Unit 2626 |
| 19:03 | Create | Unit 2626 |
| 19:28 | Create | Villager (Male) |
| 19:28 | Create | Villager (Male) |
| 19:33 | Build | Lumber Camp |
| 19:41 | Research | Castle Age |
| 19:41 | Research | Castle Age |
| 19:45 | Build | Mining Camp |
| 19:57 | Build | Stone Wall |
| 20:04 | Create | Villager (Male) |
| 20:30 | Create | Unit 2626 ×3 |
| 20:30 | Create | Unit 2626 ×3 |
| 20:30 | Create | Unit 2626 ×3 |
| 20:32 | Create | Villager (Male) |
| 20:56 | Create | Villager (Male) |
| 21:00 | Build | Stone Wall |
| 21:05 | Build | Stone Wall |
| 21:07 | Create | Villager (Male) |
| 21:11 | Create | Unit 2626 ×3 |
| 21:12 | Create | Unit 2626 ×3 |
| 21:17 | Build | House |
| 21:17 | Build | House |
| 21:18 | Build | House |
| 21:34 | Research | Gold Mining |
| 21:34 | Research | Stone Mining |
| 21:38 | Research | Stone Mining |
| 21:39 | Research | Stone Mining |
| 21:41 | Create | Villager (Male) |
| 22:05 | Create | Unit 2626 ×2 |
| 22:05 | Create | Unit 2626 ×2 |
| 22:11 | Create | Villager (Male) |
| 22:18 | Build | Stone Wall |
| 22:25 | Build | House |
| 22:25 | Build | House |
| 22:26 | Build | House |
| 22:26 | Build | House |
| 22:33 | Age | Castle Age |
| 22:50 | Research | War Galley (upgrade) |
| 22:58 | Build | Gate |
| 23:06 | Create | Trade Cog |
| 23:07 | Create | Trade Cog |
| 23:23 | Create | Villager (Male) |
| 23:30 | Create | Unit 2626 ×2 |
| 23:30 | Create | Unit 2626 ×2 |
Build order — Songoku
First 150 of 606 actions detected
| 0:12 | Build | Town Center |
| 0:39 | Build | Dock |
| 0:45 | Build | House |
| 2:30 | Create | Villager (Male) |
| 2:30 | Create | Villager (Male) |
| 2:41 | Create | Villager (Male) |
| 3:24 | Create | Villager (Male) |
| 3:31 | Create | Fishing Ship |
| 3:49 | Create | Villager (Male) |
| 4:29 | Build | House |
| 4:37 | Create | Villager (Male) |
| 4:38 | Create | Villager (Male) |
| 4:58 | Create | Villager (Male) |
| 4:58 | Create | Villager (Male) |
| 5:24 | Create | Villager (Male) |
| 5:27 | Create | Fishing Ship |
| 5:48 | Create | Villager (Male) |
| 5:49 | Create | Villager (Male) |
| 5:52 | Build | House |
| 6:10 | Create | Villager (Male) |
| 6:11 | Create | Villager (Male) |
| 6:28 | Create | Villager (Male) |
| 6:34 | Research | Loom |
| 6:36 | Create | Villager (Male) |
| 6:40 | Create | Fishing Ship |
| 7:00 | Create | Villager (Male) |
| 7:00 | Create | Villager (Male) |
| 7:09 | Build | House |
| 7:34 | Create | Villager (Male) |
| 7:46 | Create | Fishing Ship |
| 7:59 | Create | Villager (Male) |
| 8:04 | Build | House |
| 8:24 | Create | Villager (Male) |
| 8:33 | Build | Lumber Camp |
| 8:45 | Create | Villager (Male) |
| 9:12 | Create | Fishing Ship |
| 9:19 | Create | Villager (Male) |
| 9:40 | Build | Mining Camp |
| 9:48 | Create | Villager (Male) |
| 10:05 | Create | Villager (Male) |
| 10:16 | Build | Mill |
| 10:27 | Create | Fishing Ship |
| 10:39 | Create | Villager (Male) |
| 10:42 | Create | Fishing Ship |
| 11:12 | Build | Dock |
| 11:15 | Create | Villager (Male) |
| 11:21 | Build | House |
| 11:24 | Research | Feudal Age |
| 11:24 | Research | Feudal Age |
| 11:55 | Create | Fishing Ship |
| 11:59 | Create | Fishing Ship |
| 12:13 | Create | Villager (Male) |
| 12:42 | Age | Feudal Age |
| 12:45 | Research | Double-Bit Axe |
| 12:46 | Research | Double-Bit Axe |
| 12:47 | Research | Horse Collar |
| 12:49 | Create | Unit 2626 |
| 12:50 | Create | Unit 2626 |
| 12:54 | Build | House |
| 12:58 | Create | Villager (Male) |
| 13:08 | Create | Villager (Male) |
| 13:10 | Build | House |
| 13:37 | Build | Dock |
| 13:42 | Create | Villager (Male) |
| 14:13 | Create | Villager (Male) |
| 14:22 | Build | Market |
| 14:30 | Build | Blacksmith |
| 14:34 | Create | Villager (Male) |
| 14:54 | Create | Fishing Ship |
| 15:04 | Research | Tech 906 |
| 15:08 | Create | Villager (Male) |
| 15:11 | Build | Mining Camp |
| 15:30 | Create | Unit 2626 |
| 15:30 | Create | Unit 2626 |
| 15:40 | Create | Villager (Male) |
| 15:55 | Create | Unit 2626 |
| 16:02 | Build | House |
| 16:04 | Build | House |
| 16:49 | Research | Castle Age |
| 16:50 | Research | Castle Age |
| 17:07 | Create | Fishing Ship |
| 17:14 | Research | Gold Mining |
| 17:49 | Research | Fletching |
| 17:49 | Research | Fletching |
| 17:50 | Create | Villager (Male) |
| 17:50 | Create | Villager (Male) |
| 18:03 | Create | Unit 2626 |
| 18:14 | Create | Unit 2626 |
| 18:23 | Create | Villager (Male) |
| 18:25 | Age | Castle Age |
| 18:33 | Create | Demolition Raft |
| 18:36 | Research | War Galley (upgrade) |
| 18:36 | Research | War Galley (upgrade) |
| 18:52 | Create | Villager (Male) |
| 18:52 | Create | Villager (Male) |
| 18:53 | Create | Villager (Male) |
| 18:53 | Create | Villager (Male) |
| 18:58 | Build | Farm |
| 18:58 | Build | Farm |
| 19:06 | Create | Unit 2626 |
| 19:11 | Create | Villager (Male) |
| 19:17 | Research | Bow Saw |
| 19:18 | Research | Bow Saw |
| 19:19 | Create | Villager (Male) |
| 19:29 | Build | House |
| 19:34 | Create | Unit 2626 |
| 19:34 | Create | Unit 2626 |
| 19:50 | Create | Villager (Male) |
| 20:05 | Build | Castle |
| 20:11 | Build | House |
| 20:13 | Research | Bodkin Arrow |
| 20:13 | Research | Bodkin Arrow |
| 20:32 | Create | Unit 2626 |
| 20:33 | Create | Unit 2626 |
| 20:36 | Create | Villager (Male) |
| 20:38 | Build | Farm |
| 20:47 | Create | Villager (Male) |
| 20:52 | Build | House |
| 21:33 | Create | Villager (Male) |
| 21:37 | Build | Town Center |
| 21:43 | Research | Gillnets |
| 21:55 | Create | Unit 2626 |
| 21:55 | Create | Unit 2626 |
| 21:58 | Create | Villager (Male) |
| 22:02 | Build | House |
| 22:18 | Create | Villager (Male) |
| 22:35 | Create | Villager (Male) |
| 22:36 | Create | Karambit Warrior |
| 22:36 | Create | Karambit Warrior |
| 22:49 | Build | Farm |
| 22:57 | Create | Villager (Male) |
| 22:57 | Create | Villager (Male) |
| 23:02 | Build | Dock |
| 23:05 | Build | House |
| 23:10 | Create | Villager (Male) |
| 23:11 | Create | Villager (Male) |
| 23:29 | Build | Town Center |
| 23:37 | Build | House |
| 23:39 | Create | Villager (Male) |
| 23:42 | Build | Mill |
| 23:51 | Research | Gold Shaft Mining |
| 23:55 | Research | Wheelbarrow |
| 23:56 | Research | Wheelbarrow |
| 24:02 | Create | Villager (Male) |
| 24:04 | Build | Lumber Camp |
| 24:08 | Build | House |
| 24:14 | Research | Padded Archer Armor |
| 24:23 | Create | Villager (Male) |
| 24:28 | Create | Fishing Ship |
| 24:36 | Create | Villager (Male) |
Build order — machpatel
First 150 of 444 actions detected
| 0:08 | Build | Town Center |
| 1:12 | Build | Dock |
| 1:33 | Build | House |
| 2:29 | Create | Villager (Male) |
| 2:29 | Create | Villager (Male) |
| 2:29 | Create | Villager (Male) |
| 2:34 | Create | Villager (Male) |
| 3:22 | Create | Fishing Ship |
| 3:49 | Build | House |
| 3:56 | Research | Loom |
| 4:15 | Create | Fishing Ship |
| 4:39 | Create | Villager (Male) |
| 5:04 | Create | Fishing Ship |
| 5:06 | Build | House |
| 5:18 | Build | House |
| 5:26 | Create | Villager (Male) |
| 5:51 | Create | Fishing Ship |
| 6:05 | Create | Villager (Male) |
| 6:22 | Create | Fishing Ship |
| 6:39 | Create | Villager (Male) |
| 7:10 | Build | House |
| 7:15 | Create | Fishing Ship |
| 7:19 | Create | Villager (Male) |
| 7:36 | Create | Villager (Male) |
| 7:55 | Build | Dock |
| 7:58 | Create | Villager (Male) |
| 8:02 | Create | Villager (Male) |
| 8:10 | Build | House |
| 8:24 | Create | Fishing Ship |
| 8:37 | Create | Villager (Male) |
| 8:39 | Build | House |
| 8:41 | Create | Villager (Male) |
| 8:54 | Create | Fishing Ship |
| 9:13 | Build | House |
| 9:17 | Create | Fishing Ship |
| 9:26 | Build | Palisade Wall |
| 9:28 | Create | Villager (Male) |
| 9:42 | Create | Villager (Male) |
| 9:44 | Create | Fishing Ship |
| 9:53 | Create | Villager (Male) |
| 10:00 | Build | Palisade Wall |
| 10:07 | Create | Fishing Ship |
| 10:24 | Create | Villager (Male) |
| 10:25 | Create | Fishing Ship |
| 10:49 | Create | Fishing Ship |
| 10:51 | Create | Villager (Male) |
| 11:09 | Create | Villager (Male) |
| 11:11 | Build | Mining Camp |
| 11:33 | Research | Feudal Age |
| 11:36 | Build | Palisade Wall |
| 11:42 | Build | Mill |
| 12:34 | Create | Villager (Male) |
| 12:34 | Create | Villager (Male) |
| 13:43 | Age | Feudal Age |
| 13:46 | Build | Mining Camp |
| 13:51 | Build | Market |
| 13:56 | Build | Blacksmith |
| 14:12 | Create | Villager (Male) |
| 14:19 | Build | Lumber Camp |
| 14:43 | Research | Tech 906 |
| 14:44 | Research | Tech 906 |
| 14:45 | Research | Castle Age |
| 14:51 | Build | House |
| 15:08 | Create | Unit 2626 |
| 15:36 | Create | Unit 2626 |
| 16:05 | Create | Unit 2626 |
| 16:05 | Create | Unit 2626 |
| 16:05 | Create | Unit 2626 |
| 16:07 | Create | Villager (Male) |
| 16:12 | Build | House |
| 16:31 | Create | Unit 2626 |
| 16:31 | Create | Unit 2626 |
| 16:34 | Create | Villager (Male) |
| 16:53 | Build | Dock |
| 17:11 | Create | Fire Galley |
| 17:11 | Create | Fire Galley |
| 17:38 | Age | Castle Age |
| 17:42 | Research | Gillnets |
| 17:43 | Create | Villager (Male) |
| 17:47 | Research | War Galley (upgrade) |
| 17:47 | Research | War Galley (upgrade) |
| 18:53 | Create | Villager (Male) |
| 18:59 | Create | Villager (Male) |
| 19:09 | Build | Town Center |
| 19:11 | Research | Double-Bit Axe |
| 19:22 | Create | Unit 2626 |
| 19:24 | Create | Villager (Male) |
| 19:28 | Build | House |
| 19:34 | Build | House |
| 19:35 | Build | House |
| 19:36 | Build | House |
| 19:46 | Create | Villager (Male) |
| 19:50 | Research | Bow Saw |
| 20:18 | Create | Villager (Male) |
| 20:40 | Create | Unit 2626 |
| 20:40 | Create | Unit 2626 |
| 20:40 | Create | Unit 2626 |
| 20:44 | Create | Villager (Male) |
| 20:56 | Create | Villager (Male) |
| 21:07 | Build | House |
| 21:31 | Create | Villager (Male) ×5 |
| 21:38 | Build | Town Center |
| 21:57 | Build | Dock |
| 22:04 | Create | Fire Galley |
| 22:04 | Create | Fire Galley |
| 22:04 | Create | Fire Galley |
| 22:16 | Research | Forging |
| 22:17 | Research | Forging |
| 22:18 | Create | Villager (Male) ×5 |
| 22:18 | Create | Villager (Male) ×3 |
| 22:41 | Build | Lumber Camp |
| 23:01 | Create | Villager (Male) ×3 |
| 23:09 | Build | Dock |
| 23:15 | Create | Unit 2626 |
| 23:15 | Create | Unit 2626 |
| 23:15 | Create | Unit 2626 |
| 23:16 | Create | Unit 2626 |
| 23:16 | Create | Unit 2626 |
| 23:16 | Create | Unit 2626 |
| 23:16 | Create | Unit 2626 |
| 23:25 | Create | Villager (Male) ×3 |
| 24:01 | Create | Villager (Male) ×3 |
| 24:04 | Build | House |
| 24:04 | Build | House |
| 24:05 | Build | House |
| 24:41 | Research | Tech 905 |
| 24:42 | Create | Demolition Raft |
| 24:47 | Create | Unit 2626 |
| 24:47 | Create | Unit 2626 |
| 25:02 | Create | Villager (Male) ×3 |
| 25:19 | Build | Castle |
| 25:30 | Build | Mill |
| 25:31 | Build | Farm |
| 25:31 | Build | Farm |
| 25:31 | Build | Farm |
| 25:32 | Build | Farm |
| 25:32 | Build | Farm |
| 25:32 | Build | Farm |
| 25:32 | Build | Farm |
| 25:33 | Build | Farm |
| 25:33 | Build | Farm |
| 25:35 | Build | Farm |
| 25:36 | Build | Farm |
| 25:36 | Build | Farm |
| 25:36 | Build | Farm |
| 25:36 | Build | Farm |
| 25:37 | Build | Farm |
| 25:37 | Build | Farm |
| 25:37 | Build | Farm |
| 25:37 | Build | Farm |
Build order — 김정은
First 150 of 486 actions detected
| 0:17 | Build | Town Center |
| 0:35 | Build | Dock |
| 0:37 | Build | House |
| 2:42 | Create | Villager (Male) |
| 2:42 | Create | Villager (Male) |
| 2:42 | Create | Villager (Male) |
| 2:43 | Create | Fishing Ship |
| 2:44 | Create | Fishing Ship |
| 2:58 | Create | Villager (Male) |
| 3:20 | Create | Villager (Male) |
| 3:20 | Create | Villager (Male) |
| 3:45 | Create | Villager (Male) |
| 3:45 | Create | Villager (Male) |
| 4:08 | Create | Fishing Ship |
| 4:12 | Build | House |
| 4:48 | Create | Villager (Male) |
| 4:49 | Create | Villager (Male) |
| 4:55 | Create | Fishing Ship |
| 4:56 | Create | Fishing Ship |
| 5:26 | Create | Villager (Male) |
| 5:27 | Create | Villager (Male) |
| 5:27 | Create | Villager (Male) |
| 5:33 | Build | House |
| 5:49 | Create | Fishing Ship |
| 5:50 | Create | Fishing Ship |
| 5:57 | Create | Villager (Male) |
| 5:57 | Create | Villager (Male) |
| 5:57 | Create | Villager (Male) |
| 6:22 | Create | Fishing Ship |
| 6:27 | Create | Villager (Male) |
| 6:28 | Create | Villager (Male) |
| 6:47 | Create | Villager (Male) |
| 6:47 | Create | Villager (Male) |
| 7:19 | Build | House |
| 7:23 | Create | Villager (Male) |
| 7:23 | Create | Villager (Male) |
| 7:27 | Research | Loom |
| 8:08 | Build | Lumber Camp |
| 8:22 | Build | Town Center |
| 9:12 | Create | Villager (Male) |
| 9:12 | Create | Villager (Male) |
| 9:13 | Create | Villager (Male) |
| 9:13 | Create | Villager (Male) |
| 9:47 | Create | Fishing Ship |
| 9:50 | Build | House |
| 10:40 | Create | Villager (Male) |
| 10:40 | Create | Villager (Male) |
| 10:40 | Create | Villager (Male) |
| 11:30 | Build | House |
| 11:38 | Create | Villager (Male) |
| 11:38 | Create | Villager (Male) |
| 11:54 | Build | Palisade Wall |
| 11:57 | Build | Palisade Wall |
| 11:59 | Build | Palisade Wall |
| 12:01 | Build | Palisade Wall |
| 12:02 | Build | Palisade Wall |
| 12:05 | Create | Villager (Male) |
| 12:05 | Create | Villager (Male) |
| 12:44 | Create | Villager (Male) |
| 13:01 | Build | Mining Camp |
| 13:14 | Create | Villager (Male) |
| 13:14 | Create | Villager (Male) |
| 13:14 | Create | Villager (Male) |
| 13:24 | Build | House |
| 13:39 | Build | Town Center |
| 13:41 | Build | Palisade Wall |
| 13:43 | Build | Palisade Wall |
| 13:45 | Build | Palisade Wall |
| 13:46 | Build | Palisade Wall |
| 13:47 | Build | Palisade Wall |
| 13:49 | Build | Palisade Wall |
| 14:31 | Create | Villager (Male) |
| 14:31 | Create | Villager (Male) |
| 14:34 | Create | Villager (Male) |
| 15:03 | Create | Villager (Male) |
| 15:03 | Create | Villager (Male) |
| 15:59 | Create | Villager (Male) |
| 15:59 | Create | Villager (Male) |
| 15:59 | Create | Villager (Male) |
| 16:17 | Build | House |
| 17:13 | Build | Palisade Wall |
| 17:15 | Build | Palisade Wall |
| 17:21 | Build | Palisade Wall |
| 17:26 | Build | Lumber Camp |
| 17:43 | Build | Mill |
| 18:35 | Build | Mill |
| 18:43 | Create | Villager (Male) |
| 18:43 | Create | Villager (Male) |
| 19:18 | Create | Villager (Male) |
| 19:18 | Create | Villager (Male) |
| 19:18 | Create | Villager (Male) |
| 19:56 | Create | Villager (Male) |
| 19:56 | Create | Villager (Male) |
| 20:33 | Build | Mill |
| 20:34 | Build | Farm |
| 20:34 | Build | Farm |
| 20:35 | Build | Farm |
| 20:35 | Build | Farm |
| 20:35 | Build | Farm |
| 20:35 | Build | Farm |
| 20:36 | Build | Farm |
| 20:40 | Create | Villager (Male) |
| 20:40 | Create | Villager (Male) |
| 20:40 | Create | Villager (Male) |
| 20:46 | Build | Farm |
| 20:54 | Create | Villager (Male) |
| 20:54 | Create | Villager (Male) |
| 20:54 | Create | Villager (Male) |
| 20:55 | Create | Villager (Male) |
| 20:55 | Create | Villager (Male) |
| 20:57 | Create | Villager (Male) |
| 20:57 | Create | Villager (Male) |
| 21:30 | Build | House |
| 22:01 | Build | House |
| 22:02 | Build | House |
| 22:48 | Research | Feudal Age |
| 22:48 | Research | Feudal Age |
| 22:56 | Build | Mining Camp |
| 23:03 | Build | House |
| 23:05 | Build | Palisade Gate |
| 23:07 | Build | House |
| 24:39 | Build | House |
| 24:42 | Build | House |
| 24:52 | Age | Feudal Age |
| 24:56 | Create | Villager (Male) |
| 24:57 | Create | Villager (Male) |
| 25:01 | Build | House |
| 25:18 | Build | House |
| 25:21 | Build | Palisade Wall |
| 25:22 | Build | Palisade Wall |
| 25:31 | Build | House |
| 25:47 | Create | Villager (Male) |
| 25:56 | Build | Lumber Camp |
| 26:05 | Build | Watch Tower |
| 26:15 | Create | Villager (Male) |
| 26:17 | Research | Double-Bit Axe |
| 26:17 | Research | Double-Bit Axe |
| 26:27 | Create | Villager (Male) |
| 26:29 | Build | Farm |
| 26:30 | Build | Farm |
| 26:35 | Build | Farm |
| 26:38 | Build | Farm |
| 26:39 | Build | Farm |
| 26:41 | Build | Farm |
| 27:01 | Create | Villager (Male) |
| 27:02 | Create | Villager (Male) |
| 27:29 | Create | Villager (Male) |
| 27:40 | Build | Farm |
| 27:41 | Build | Farm |
| 27:44 | Build | Farm |
Build order — GirlWonder_
First 150 of 413 actions detected
| 0:50 | Build | Town Center |
| 1:25 | Build | Dock |
| 1:30 | Build | House |
| 3:05 | Create | Villager (Male) ×4 |
| 3:05 | Create | Villager (Male) ×2 |
| 4:03 | Create | Fishing Ship |
| 4:03 | Create | Fishing Ship |
| 4:49 | Build | House |
| 5:02 | Create | Fishing Ship |
| 5:03 | Create | Fishing Ship |
| 5:33 | Research | Loom |
| 5:43 | Create | Villager (Male) |
| 5:44 | Create | Villager (Male) |
| 5:54 | Create | Fishing Ship |
| 6:09 | Build | House |
| 6:25 | Create | Villager (Male) |
| 6:41 | Create | Fishing Ship |
| 6:51 | Create | Villager (Male) |
| 6:51 | Create | Villager (Male) |
| 7:20 | Create | Villager (Male) |
| 7:27 | Build | House |
| 7:32 | Create | Fishing Ship |
| 7:32 | Create | Fishing Ship |
| 7:44 | Create | Villager (Male) |
| 7:44 | Create | Villager (Male) |
| 7:58 | Create | Villager (Male) |
| 7:58 | Create | Villager (Male) |
| 8:04 | Create | Fishing Ship |
| 8:04 | Create | Fishing Ship |
| 8:14 | Create | Villager (Male) |
| 8:14 | Create | Villager (Male) |
| 8:26 | Build | House |
| 8:31 | Create | Villager (Male) |
| 8:31 | Create | Villager (Male) |
| 8:46 | Create | Villager (Male) |
| 8:46 | Create | Villager (Male) |
| 9:02 | Build | Lumber Camp |
| 9:15 | Build | House |
| 9:22 | Create | Villager (Male) |
| 9:38 | Create | Villager (Male) |
| 9:38 | Create | Villager (Male) |
| 9:57 | Create | Villager (Male) |
| 10:22 | Create | Villager (Male) |
| 10:23 | Create | Villager (Male) |
| 10:23 | Create | Villager (Male) |
| 10:42 | Build | House |
| 11:27 | Build | Town Center |
| 12:24 | Create | Villager (Male) ×5 |
| 12:25 | Create | Villager (Male) ×5 |
| 12:32 | Build | Lumber Camp |
| 14:18 | Create | Villager (Male) |
| 14:51 | Create | Villager (Male) ×5 |
| 16:16 | Build | Lumber Camp |
| 17:29 | Build | Town Center |
| 17:51 | Build | House |
| 17:52 | Build | House |
| 18:14 | Research | Feudal Age |
| 18:14 | Research | Feudal Age |
| 19:01 | Build | Outpost |
| 19:02 | Build | House |
| 19:03 | Build | House |
| 19:18 | Build | Outpost |
| 19:42 | Build | Dock |
| 19:45 | Build | Dock |
| 20:09 | Build | House |
| 20:17 | Build | House |
| 20:18 | Build | House |
| 20:24 | Age | Feudal Age |
| 20:27 | Build | Blacksmith |
| 20:36 | Research | Town Watch |
| 20:39 | Build | Mill |
| 20:42 | Build | House |
| 20:45 | Build | Palisade Wall |
| 20:46 | Build | Palisade Gate |
| 20:51 | Create | Villager (Male) |
| 20:55 | Create | Unit 2626 |
| 21:14 | Build | House |
| 21:16 | Build | House |
| 21:19 | Build | House |
| 21:20 | Build | House |
| 21:25 | Create | Villager (Male) |
| 21:50 | Build | Gate |
| 21:52 | Build | House |
| 21:53 | Build | House |
| 21:54 | Create | Villager (Male) |
| 22:10 | Research | Wheelbarrow |
| 22:11 | Research | Double-Bit Axe |
| 22:11 | Research | Double-Bit Axe |
| 22:18 | Create | Fishing Ship |
| 22:45 | Build | Stone Wall |
| 22:47 | Build | Gate |
| 22:51 | Build | House |
| 22:51 | Build | House |
| 22:52 | Build | House |
| 23:06 | Build | Gate |
| 23:09 | Build | Stone Wall |
| 23:10 | Build | Stone Wall |
| 23:13 | Create | Villager (Male) |
| 23:14 | Create | Villager (Male) |
| 23:21 | Build | Dock |
| 23:39 | Create | Villager (Male) |
| 24:12 | Build | Dock |
| 24:16 | Create | Fishing Ship |
| 24:23 | Build | Dock |
| 24:32 | Create | Villager (Male) |
| 24:45 | Build | House |
| 24:45 | Build | House |
| 25:02 | Create | Villager (Male) |
| 25:05 | Create | Fishing Ship |
| 25:07 | Create | Fishing Ship |
| 25:12 | Research | Tech 906 |
| 25:12 | Research | Tech 906 |
| 25:22 | Build | Dock |
| 25:23 | Create | Villager (Male) |
| 25:34 | Build | Outpost |
| 25:44 | Create | Fishing Ship |
| 25:45 | Create | Fishing Ship |
| 26:01 | Create | Fishing Ship |
| 26:05 | Create | Fishing Ship |
| 26:10 | Create | Fishing Ship |
| 26:11 | Create | Fishing Ship |
| 26:14 | Create | Villager (Male) |
| 26:15 | Create | Villager (Male) |
| 26:41 | Build | Blacksmith |
| 27:22 | Build | Mining Camp |
| 27:25 | Build | Outpost |
| 27:35 | Create | Villager (Male) |
| 28:06 | Create | Villager (Male) |
| 28:23 | Build | Outpost |
| 28:27 | Build | House |
| 28:53 | Build | Market |
| 28:55 | Create | Villager (Male) |
| 29:00 | Research | Gold Mining |
| 29:00 | Research | Gold Mining |
| 29:18 | Create | Fishing Ship |
| 29:19 | Create | Fishing Ship |
| 29:27 | Research | Castle Age |
| 29:27 | Research | Castle Age |
| 29:34 | Build | Mining Camp |
| 29:43 | Build | Outpost |
| 29:46 | Build | Outpost |
| 29:53 | Build | Outpost |
| 29:58 | Create | Fishing Ship |
| 29:59 | Create | Fishing Ship |
| 30:09 | Create | Fishing Ship |
| 30:22 | Build | Outpost |
| 30:39 | Build | Lumber Camp |
| 30:49 | Build | Stone Wall |
| 30:52 | Build | Stone Wall |
| 30:52 | Build | Stone Wall |
Build order — umugwanyi
First 150 of 605 actions detected
| 0:13 | Build | Town Center |
| 0:42 | Build | Dock |
| 0:49 | Build | House |
| 2:31 | Create | Villager (Male) |
| 2:31 | Create | Villager (Male) |
| 2:31 | Create | Villager (Male) |
| 2:31 | Create | Villager (Male) |
| 2:32 | Create | Villager (Male) |
| 3:33 | Create | Fishing Ship |
| 3:33 | Create | Fishing Ship |
| 3:46 | Create | Villager (Male) |
| 3:46 | Create | Villager (Male) |
| 4:34 | Create | Villager (Male) |
| 4:35 | Create | Villager (Male) |
| 4:40 | Build | House |
| 5:04 | Create | Villager (Male) |
| 5:04 | Create | Villager (Male) |
| 5:25 | Create | Villager (Male) |
| 5:25 | Create | Villager (Male) |
| 5:38 | Create | Fishing Ship |
| 5:38 | Create | Fishing Ship |
| 5:44 | Create | Villager (Male) |
| 5:44 | Create | Villager (Male) |
| 5:59 | Build | House |
| 6:15 | Create | Villager (Male) |
| 6:15 | Create | Villager (Male) |
| 6:28 | Create | Fishing Ship |
| 6:29 | Create | Fishing Ship |
| 6:57 | Create | Villager (Male) |
| 7:14 | Create | Fishing Ship |
| 7:14 | Create | Fishing Ship |
| 7:18 | Build | House |
| 7:20 | Create | Villager (Male) |
| 7:20 | Create | Villager (Male) |
| 7:43 | Create | Villager (Male) |
| 8:01 | Create | Fishing Ship |
| 8:02 | Create | Fishing Ship |
| 8:06 | Create | Villager (Male) |
| 8:14 | Build | House |
| 8:20 | Create | Villager (Male) |
| 8:20 | Create | Villager (Male) |
| 8:37 | Create | Villager (Male) |
| 8:38 | Create | Villager (Male) |
| 8:53 | Build | House |
| 9:03 | Create | Fishing Ship |
| 9:05 | Create | Villager (Male) |
| 9:10 | Create | Villager (Male) |
| 9:10 | Create | Villager (Male) |
| 9:34 | Build | House |
| 9:39 | Build | House |
| 10:03 | Create | Fishing Ship |
| 10:06 | Build | House |
| 10:25 | Build | House |
| 10:55 | Research | Loom |
| 11:17 | Build | Mining Camp |
| 11:31 | Build | Mining Camp |
| 11:41 | Research | Feudal Age |
| 11:41 | Research | Feudal Age |
| 12:05 | Create | Villager (Male) |
| 13:33 | Build | Mill |
| 13:38 | Create | Villager (Male) |
| 13:54 | Age | Feudal Age |
| 13:58 | Build | Blacksmith |
| 14:04 | Build | Lumber Camp |
| 14:05 | Create | Villager (Male) |
| 14:12 | Build | Market |
| 14:16 | Research | Town Watch |
| 14:37 | Create | Villager (Male) |
| 14:44 | Build | Lumber Camp |
| 14:48 | Build | House |
| 14:57 | Research | Gold Mining |
| 15:06 | Research | Double-Bit Axe |
| 15:06 | Research | Double-Bit Axe |
| 15:06 | Research | Castle Age |
| 15:07 | Research | Castle Age |
| 15:34 | Create | Villager (Male) |
| 15:34 | Create | Villager (Male) |
| 15:46 | Create | Unit 2626 |
| 16:12 | Create | Unit 2626 |
| 17:05 | Research | Fletching |
| 17:05 | Research | Fletching |
| 17:34 | Create | Villager (Male) |
| 17:38 | Build | Palisade Gate |
| 17:41 | Build | House |
| 17:45 | Build | Palisade Wall |
| 17:49 | Age | Castle Age |
| 17:56 | Build | Castle |
| 17:58 | Create | Villager (Male) |
| 18:02 | Research | Bow Saw |
| 18:02 | Research | Bow Saw |
| 18:03 | Create | Villager (Male) |
| 18:08 | Research | Bodkin Arrow |
| 18:08 | Research | Bodkin Arrow |
| 18:27 | Create | Villager (Male) |
| 18:39 | Research | Horse Collar |
| 18:52 | Create | Rattan Archer |
| 18:52 | Create | Rattan Archer |
| 18:56 | Create | Rattan Archer |
| 18:57 | Create | Villager (Male) |
| 18:59 | Create | Villager (Male) |
| 19:10 | Build | Town Center |
| 19:15 | Create | Rattan Archer |
| 19:15 | Create | Rattan Archer |
| 19:15 | Create | Rattan Archer |
| 19:31 | Research | Wheelbarrow |
| 19:31 | Research | Wheelbarrow |
| 19:36 | Create | Rattan Archer |
| 19:42 | Create | Villager (Male) |
| 19:43 | Create | Villager (Male) |
| 19:56 | Create | Rattan Archer |
| 20:21 | Create | Villager (Male) |
| 20:22 | Create | Rattan Archer |
| 20:26 | Research | Padded Archer Armor |
| 20:30 | Create | Villager (Male) |
| 20:34 | Create | Rattan Archer |
| 20:38 | Create | Rattan Archer |
| 20:38 | Create | Rattan Archer |
| 20:50 | Create | Villager (Male) |
| 20:50 | Create | Villager (Male) |
| 20:53 | Create | Villager (Male) |
| 20:53 | Create | Villager (Male) |
| 20:53 | Create | Villager (Male) |
| 20:56 | Create | Rattan Archer |
| 21:07 | Build | Farm |
| 21:08 | Build | Farm |
| 21:09 | Build | Farm |
| 21:16 | Create | Rattan Archer |
| 21:16 | Create | Rattan Archer |
| 21:17 | Create | Villager (Male) |
| 21:18 | Create | Villager (Male) |
| 21:18 | Create | Villager (Male) |
| 21:37 | Build | Farm |
| 21:49 | Create | Villager (Male) |
| 21:50 | Create | Villager (Male) |
| 21:52 | Create | Rattan Archer |
| 22:05 | Create | Villager (Male) |
| 22:05 | Create | Villager (Male) |
| 22:05 | Create | Villager (Male) |
| 22:08 | Create | Rattan Archer |
| 22:08 | Create | Rattan Archer |
| 22:11 | Build | Farm |
| 22:13 | Build | Farm |
| 22:13 | Create | Villager (Male) |
| 22:13 | Create | Villager (Male) |
| 22:19 | Create | Rattan Archer |
| 22:19 | Create | Rattan Archer |
| 22:24 | Create | Villager (Male) |
| 22:24 | Create | Villager (Male) |
| 22:24 | Create | Villager (Male) |
| 22:42 | Create | Villager (Male) |
Build order — 快樂 543
First 150 of 385 actions detected
| 0:22 | Build | Town Center |
| 0:46 | Build | Dock |
| 0:49 | Build | House |
| 2:44 | Create | Villager (Male) |
| 2:44 | Create | Villager (Male) |
| 2:44 | Create | Villager (Male) |
| 2:45 | Create | Villager (Male) |
| 2:45 | Create | Villager (Male) |
| 3:52 | Create | Villager (Male) |
| 3:52 | Create | Villager (Male) |
| 3:54 | Create | Fishing Ship |
| 3:54 | Create | Fishing Ship |
| 4:48 | Create | Villager (Male) |
| 4:48 | Create | Villager (Male) |
| 4:53 | Build | House |
| 5:09 | Research | Loom |
| 5:13 | Create | Villager (Male) |
| 5:13 | Create | Villager (Male) |
| 5:31 | Create | Villager (Male) |
| 5:31 | Create | Villager (Male) |
| 5:38 | Build | House |
| 6:06 | Create | Villager (Male) |
| 6:06 | Create | Villager (Male) |
| 6:20 | Create | Villager (Male) |
| 6:21 | Create | Villager (Male) |
| 6:33 | Create | Fishing Ship |
| 6:33 | Create | Fishing Ship |
| 7:07 | Create | Villager (Male) |
| 7:18 | Create | Fishing Ship |
| 7:19 | Create | Fishing Ship |
| 7:35 | Create | Villager (Male) |
| 7:36 | Create | Villager (Male) |
| 7:36 | Create | Villager (Male) |
| 7:50 | Create | Villager (Male) |
| 7:51 | Create | Villager (Male) |
| 8:02 | Create | Fishing Ship |
| 8:05 | Build | House |
| 8:32 | Build | House |
| 8:56 | Create | Fishing Ship |
| 9:03 | Build | House |
| 9:12 | Create | Villager (Male) |
| 9:12 | Create | Villager (Male) |
| 9:58 | Build | Mill |
| 10:05 | Create | Villager (Male) |
| 10:28 | Create | Villager (Male) |
| 10:48 | Create | Villager (Male) |
| 11:00 | Build | Mining Camp |
| 11:15 | Research | Feudal Age |
| 12:04 | Build | Lumber Camp |
| 13:19 | Build | House |
| 13:30 | Age | Feudal Age |
| 13:39 | Create | Villager (Male) |
| 13:39 | Create | Villager (Male) |
| 14:03 | Build | Market |
| 14:25 | Create | Villager (Male) |
| 14:47 | Build | Blacksmith |
| 15:39 | Research | Castle Age |
| 15:39 | Research | Castle Age |
| 16:24 | Build | House |
| 16:29 | Research | Double-Bit Axe |
| 16:54 | Build | House |
| 17:21 | Build | House |
| 17:44 | Build | House |
| 17:52 | Build | House |
| 18:19 | Age | Castle Age |
| 18:28 | Create | Villager (Male) |
| 18:28 | Create | Villager (Male) |
| 18:39 | Build | Castle |
| 18:45 | Create | Villager (Male) |
| 19:13 | Research | Fletching |
| 19:23 | Create | Villager (Male) |
| 19:39 | Create | Villager (Male) |
| 19:46 | Create | Turtle Ship |
| 19:50 | Create | Turtle Ship |
| 19:57 | Research | Gold Mining |
| 20:08 | Create | War Wagon |
| 20:09 | Create | War Wagon |
| 20:10 | Create | Villager (Male) |
| 20:11 | Create | Villager (Male) |
| 20:14 | Build | House |
| 20:42 | Create | Villager (Male) |
| 20:50 | Create | Villager (Male) |
| 20:51 | Create | Villager (Male) |
| 20:53 | Create | War Wagon |
| 20:54 | Create | War Wagon |
| 20:54 | Create | War Wagon |
| 21:17 | Build | Town Center |
| 21:45 | Create | Fishing Ship |
| 21:46 | Create | Villager (Male) |
| 21:47 | Create | Villager (Male) |
| 21:53 | Create | Villager (Male) |
| 21:53 | Create | Villager (Male) |
| 21:55 | Create | War Wagon |
| 21:55 | Create | War Wagon |
| 22:24 | Create | Villager (Male) |
| 22:29 | Create | War Wagon |
| 23:00 | Create | Villager (Male) |
| 23:06 | Research | Town Watch |
| 23:06 | Research | Town Watch |
| 23:15 | Create | Villager (Male) |
| 23:16 | Create | Villager (Male) |
| 23:22 | Create | War Wagon |
| 24:17 | Research | Bodkin Arrow |
| 25:02 | Create | War Wagon |
| 25:02 | Create | War Wagon |
| 25:03 | Create | War Wagon |
| 25:03 | Create | War Wagon |
| 25:12 | Create | Villager (Male) |
| 25:12 | Create | Villager (Male) |
| 25:12 | Create | Villager (Male) |
| 25:19 | Build | University |
| 25:51 | Create | Villager (Male) |
| 25:51 | Create | Villager (Male) |
| 26:45 | Create | Villager (Male) |
| 26:46 | Create | Villager (Male) |
| 26:46 | Create | Villager (Male) |
| 26:46 | Create | Villager (Male) |
| 27:02 | Research | Ballistics |
| 27:11 | Create | Villager (Male) |
| 27:11 | Create | Villager (Male) |
| 27:22 | Create | Villager (Male) |
| 27:23 | Create | Villager (Male) |
| 27:23 | Create | Villager (Male) |
| 27:48 | Create | Villager (Male) |
| 27:49 | Create | Villager (Male) |
| 27:49 | Create | Villager (Male) |
| 28:27 | Create | Villager (Male) |
| 28:32 | Build | Town Center |
| 28:37 | Create | Villager (Male) |
| 28:37 | Create | Villager (Male) |
| 28:37 | Create | Villager (Male) |
| 28:44 | Create | War Wagon |
| 28:44 | Create | War Wagon |
| 28:45 | Create | War Wagon |
| 28:46 | Create | Villager (Male) |
| 28:50 | Build | Farm |
| 29:12 | Create | War Wagon |
| 29:19 | Create | Villager (Male) |
| 29:19 | Create | Villager (Male) |
| 29:22 | Create | Villager (Male) |
| 29:22 | Create | Villager (Male) |
| 29:28 | Create | War Wagon |
| 29:28 | Create | War Wagon |
| 29:29 | Create | War Wagon |
| 29:36 | Create | Villager (Male) |
| 29:36 | Create | Villager (Male) |
| 29:51 | Build | House |
| 29:53 | Build | House |
| 30:22 | Build | Town Center |
| 30:47 | Build | Farm |
Build order — VN_BILL
First 150 of 609 actions detected
| 0:14 | Build | Town Center |
| 0:56 | Build | Dock |
| 1:01 | Build | House |
| 2:08 | Build | Palisade Wall |
| 2:47 | Create | Villager (Male) |
| 2:47 | Create | Villager (Male) |
| 2:47 | Create | Villager (Male) |
| 2:47 | Create | Villager (Male) |
| 2:55 | Create | Villager (Male) |
| 2:56 | Create | Villager (Male) |
| 3:07 | Create | Fishing Ship |
| 3:07 | Create | Fishing Ship |
| 4:06 | Build | House |
| 4:07 | Create | Villager (Male) |
| 4:07 | Create | Villager (Male) |
| 4:34 | Create | Fishing Ship |
| 4:34 | Create | Fishing Ship |
| 5:00 | Research | Loom |
| 5:07 | Create | Villager (Male) |
| 5:08 | Create | Villager (Male) |
| 5:30 | Research | Loom |
| 5:32 | Create | Fishing Ship |
| 5:37 | Build | House |
| 5:44 | Build | Palisade Wall |
| 5:58 | Create | Villager (Male) |
| 5:58 | Create | Villager (Male) |
| 6:13 | Create | Villager (Male) |
| 6:13 | Create | Villager (Male) |
| 6:15 | Create | Fishing Ship |
| 6:15 | Create | Fishing Ship |
| 6:34 | Create | Villager (Male) |
| 6:35 | Create | Villager (Male) |
| 6:51 | Create | Villager (Male) |
| 6:51 | Create | Villager (Male) |
| 7:06 | Build | House |
| 7:09 | Create | Fishing Ship |
| 7:09 | Create | Fishing Ship |
| 7:20 | Create | Villager (Male) |
| 7:20 | Create | Villager (Male) |
| 7:38 | Create | Villager (Male) |
| 7:39 | Create | Villager (Male) |
| 7:55 | Build | House |
| 8:19 | Create | Fishing Ship |
| 8:20 | Create | Fishing Ship |
| 8:20 | Create | Fishing Ship |
| 8:23 | Build | House |
| 8:30 | Create | Villager (Male) |
| 8:30 | Create | Villager (Male) |
| 9:00 | Create | Villager (Male) |
| 9:02 | Create | Fishing Ship |
| 9:27 | Create | Villager (Male) |
| 9:35 | Build | Lumber Camp |
| 10:02 | Research | Feudal Age |
| 10:02 | Research | Feudal Age |
| 10:38 | Build | Dock |
| 11:12 | Build | House |
| 11:16 | Create | Villager (Male) |
| 11:17 | Create | Villager (Male) |
| 11:51 | Build | Mining Camp |
| 12:02 | Create | Villager (Male) |
| 12:02 | Create | Villager (Male) |
| 12:06 | Age | Feudal Age |
| 12:22 | Create | Unit 2626 |
| 12:41 | Build | Dock |
| 12:50 | Build | Blacksmith |
| 12:52 | Create | Villager (Male) |
| 12:59 | Build | House |
| 13:07 | Build | Palisade Wall |
| 13:14 | Build | Palisade Wall |
| 13:19 | Create | Villager (Male) |
| 13:22 | Create | Villager (Male) |
| 13:22 | Create | Villager (Male) |
| 13:29 | Create | Unit 2626 |
| 13:29 | Create | Unit 2626 |
| 13:30 | Create | Unit 2626 |
| 13:35 | Research | Double-Bit Axe |
| 13:37 | Create | Villager (Male) |
| 13:38 | Create | Villager (Male) |
| 13:53 | Create | Villager (Male) |
| 13:59 | Create | Unit 2626 |
| 13:59 | Create | Unit 2626 |
| 14:20 | Research | Fletching |
| 14:21 | Research | Padded Archer Armor |
| 14:32 | Create | Unit 2626 |
| 14:32 | Create | Unit 2626 |
| 14:35 | Create | Villager (Male) |
| 14:35 | Create | Villager (Male) |
| 14:36 | Create | Villager (Male) |
| 14:36 | Create | Villager (Male) |
| 14:39 | Build | Mill |
| 14:59 | Create | Unit 2626 |
| 14:59 | Create | Unit 2626 |
| 14:59 | Create | Unit 2626 |
| 15:04 | Create | Villager (Male) |
| 15:04 | Create | Villager (Male) |
| 15:29 | Create | Unit 2626 |
| 15:29 | Create | Unit 2626 |
| 15:29 | Create | Unit 2626 |
| 15:29 | Create | Unit 2626 |
| 15:39 | Build | House |
| 15:46 | Build | House |
| 15:59 | Create | Villager (Male) |
| 16:00 | Create | Villager (Male) |
| 16:21 | Create | Fishing Ship |
| 16:21 | Create | Fishing Ship |
| 16:21 | Create | Fishing Ship |
| 16:50 | Build | House |
| 16:54 | Build | Market |
| 17:01 | Create | Unit 2626 |
| 17:01 | Create | Unit 2626 |
| 17:01 | Create | Unit 2626 |
| 17:01 | Create | Unit 2626 |
| 17:02 | Create | Unit 2626 |
| 17:03 | Create | Villager (Male) |
| 17:04 | Create | Villager (Male) |
| 17:08 | Create | Villager (Male) |
| 17:08 | Create | Villager (Male) |
| 17:08 | Create | Villager (Male) |
| 17:10 | Create | Villager (Male) |
| 17:11 | Create | Villager (Male) |
| 17:22 | Create | Unit 2626 |
| 17:22 | Create | Unit 2626 |
| 17:34 | Create | Villager (Male) |
| 17:39 | Build | House |
| 17:40 | Build | House |
| 17:42 | Build | House |
| 18:10 | Create | Unit 2626 |
| 18:10 | Create | Unit 2626 |
| 18:10 | Create | Unit 2626 |
| 18:11 | Create | Unit 2626 |
| 18:12 | Create | Villager (Male) |
| 18:13 | Create | Villager (Male) |
| 18:28 | Build | House |
| 18:29 | Build | House |
| 18:31 | Build | House |
| 18:45 | Create | Unit 2626 |
| 18:45 | Create | Unit 2626 |
| 18:52 | Research | Town Watch |
| 19:07 | Create | Galley |
| 19:07 | Create | Galley |
| 19:18 | Build | Lumber Camp |
| 19:21 | Create | Villager (Male) |
| 19:42 | Research | Castle Age |
| 20:04 | Build | Mining Camp |
| 20:13 | Create | Villager (Male) |
| 20:13 | Create | Villager (Male) |
| 20:29 | Create | Galley |
| 20:30 | Create | Galley |
| 20:30 | Create | Galley |
| 20:30 | Create | Galley |
Match timeline
| 0:35 | 김정은 · first_building Dock |
| 0:39 | Songoku · first_building Dock |
| 0:42 | umugwanyi · first_building Dock |
| 0:46 | 快樂 543 · first_building Dock |
| 0:56 | VN_BILL · first_building Dock |
| 1:12 | machpatel · first_building Dock |
| 1:24 | 凛冬已至 · first_building Dock |
| 1:25 | GirlWonder_ · first_building Dock |
| 2:08 | VN_BILL · wall_segment Palisade Wall x1 |
| 5:44 | VN_BILL · wall_segment Palisade Wall x1 |
| 9:26 | machpatel · wall_segment Palisade Wall x1 |
| 10:00 | machpatel · wall_segment Palisade Wall x4 |
| 11:36 | machpatel · wall_segment Palisade Wall x1 |
| 11:39 | 凛冬已至 · wall_segment Palisade Wall x1 |
| 11:54 | 김정은 · wall_segment Palisade Wall x1 |
| 11:57 | 김정은 · wall_segment Palisade Wall x1 |
| 11:59 | 김정은 · wall_segment Palisade Wall x1 |
| 12:01 | 김정은 · wall_segment Palisade Wall x1 |
| 12:02 | 김정은 · wall_segment Palisade Wall x1 |
| 12:06 | VN_BILL · age_up feudal |
| 12:36 | 凛冬已至 · age_up feudal |
| 12:42 | Songoku · age_up feudal |
| 13:07 | VN_BILL · wall_segment Palisade Wall x2 |
| 13:14 | VN_BILL · wall_segment Palisade Wall x17 |
| 13:30 | 快樂 543 · age_up feudal |
| 13:41 | 김정은 · wall_segment Palisade Wall x1 |
| 13:43 | machpatel · age_up feudal |
| 13:43 | 김정은 · wall_segment Palisade Wall x1 |
| 13:45 | 김정은 · wall_segment Palisade Wall x1 |
| 13:46 | 김정은 · wall_segment Palisade Wall x1 |
| 13:47 | 김정은 · wall_segment Palisade Wall x1 |
| 13:49 | 김정은 · wall_segment Palisade Wall x1 |
| 13:54 | umugwanyi · age_up feudal |
| 16:36 | Songoku · first_market_buy 100 food |
| 16:38 | Songoku · first_market_sell 100 wood |
| 16:51 | machpatel · first_market_sell 100 food |
| 16:51 | machpatel · first_market_buy 100 wood |
| 17:13 | 김정은 · wall_segment Palisade Wall x1 |
| 17:15 | 김정은 · wall_segment Palisade Wall x1 |
| 17:21 | 김정은 · wall_segment Palisade Wall x1 |
| 17:38 | machpatel · age_up castle |
| 17:45 | umugwanyi · wall_segment Palisade Wall x1 |
| 17:49 | umugwanyi · age_up castle |
| 17:56 | umugwanyi · first_building Castle |
| 18:19 | 快樂 543 · age_up castle |
| 18:25 | Songoku · age_up castle |
| 18:39 | 快樂 543 · first_building Castle |
| 19:36 | VN_BILL · first_market_sell 100 food |
| 19:40 | 凛冬已至 · first_market_sell 100 food |
| 19:57 | 凛冬已至 · wall_segment Stone Wall x32 |
| 20:05 | Songoku · first_building Castle |
| 20:24 | GirlWonder_ · age_up feudal |
| 20:45 | GirlWonder_ · wall_segment Palisade Wall x5 |
| 21:00 | 凛冬已至 · wall_segment Stone Wall x2 |
| 21:05 | 凛冬已至 · wall_segment Stone Wall x1 |
| 22:18 | 凛冬已至 · wall_segment Stone Wall x4 |
| 22:28 | VN_BILL · age_up castle |
| 22:33 | 凛冬已至 · age_up castle |
| 22:45 | GirlWonder_ · wall_segment Stone Wall x3 |
| 23:09 | GirlWonder_ · wall_segment Stone Wall x4 |
| 23:10 | GirlWonder_ · wall_segment Stone Wall x6 |
| 24:03 | 凛冬已至 · first_building Barracks |
| 24:14 | 快樂 543 · first_market_buy 100 food |
| 24:52 | 김정은 · age_up feudal |
| 25:19 | machpatel · first_building Castle |
| 25:21 | 김정은 · wall_segment Palisade Wall x1 |
| 25:22 | 김정은 · wall_segment Palisade Wall x1 |
| 25:59 | umugwanyi · first_market_sell 100 wood |
| 27:28 | 凛冬已至 · first_building Castle |
| 29:40 | 김정은 · wall_segment Stone Wall x8 |
| 29:47 | 김정은 · wall_segment Stone Wall x5 |
| 30:01 | 김정은 · wall_segment Stone Wall x7 |
| 30:07 | umugwanyi · wall_segment Stone Wall x1 |
| 30:07 | umugwanyi · wall_segment Stone Wall x1 |
| 30:16 | umugwanyi · wall_segment Stone Wall x8 |
| 30:22 | umugwanyi · wall_segment Stone Wall x9 |
| 30:25 | VN_BILL · first_building Castle |
| 30:49 | GirlWonder_ · wall_segment Stone Wall x7 |
| 30:52 | GirlWonder_ · wall_segment Stone Wall x1 |
| 30:52 | GirlWonder_ · wall_segment Stone Wall x1 |
| 30:54 | GirlWonder_ · wall_segment Stone Wall x1 |
| 31:02 | 凛冬已至 · first_market_buy 500 wood |
| 31:26 | GirlWonder_ · first_market_buy 100 wood |
| 32:02 | Songoku · first_building Barracks |
| 32:07 | GirlWonder_ · age_up castle |
| 32:17 | GirlWonder_ · first_building Castle |
| 32:28 | Songoku · age_up imperial |
| 32:30 | 김정은 · age_up castle |
| 32:45 | 김정은 · first_market_buy 100 wood |
| 33:22 | machpatel · first_building Siege Workshop |
| 33:38 | Songoku · first_building Stable |
| 33:56 | VN_BILL · wall_segment Stone Wall x1 |
| 34:06 | GirlWonder_ · first_building Monastery |
| 34:40 | machpatel · age_up imperial |
| 34:40 | umugwanyi · first_building Barracks |
| 34:54 | 김정은 · first_market_sell 100 food |
| 35:34 | GirlWonder_ · wall_segment Stone Wall x11 |
| 35:38 | umugwanyi · first_building Archery Range |
| 35:44 | GirlWonder_ · wall_segment Stone Wall x8 |
| 35:46 | GirlWonder_ · wall_segment Stone Wall x3 |
| 35:54 | GirlWonder_ · wall_segment Stone Wall x10 |
| 36:07 | 快樂 543 · first_building Barracks |
| 36:12 | umugwanyi · first_building Siege Workshop |
| 36:38 | umugwanyi · age_up imperial |
| 36:46 | 김정은 · first_building Castle |
| 36:49 | 凛冬已至 · first_building Archery Range |
| 36:54 | 快樂 543 · first_building Archery Range |
| 37:51 | 김정은 · first_building Barracks |
| 38:02 | 凛冬已至 · first_building Siege Workshop |
| 38:07 | 김정은 · wall_segment Stone Wall x10 |
| 38:23 | 김정은 · wall_segment Stone Wall x9 |
| 38:53 | 快樂 543 · age_up imperial |
| 39:06 | VN_BILL · age_up imperial |
| 39:24 | 凛冬已至 · age_up imperial |
| 39:28 | 김정은 · first_building Archery Range |
| 39:31 | GirlWonder_ · first_building Barracks |
| 39:32 | Songoku · first_building Archery Range |
| 41:13 | machpatel · tribute_sent a jugador 1 |
| 41:13 | machpatel · tribute_sent a jugador 3 |
| 41:13 | machpatel · tribute_sent a jugador 4 |
| 41:13 | machpatel · tribute_sent a jugador 5 |
| 41:13 | machpatel · tribute_sent a jugador 6 |
| 41:13 | machpatel · tribute_sent a jugador 7 |
| 41:13 | machpatel · tribute_sent a jugador 8 |
| 41:47 | umugwanyi · first_building Stable |
| 41:57 | 김정은 · age_up imperial |
| 44:08 | GirlWonder_ · first_building Stable |
| 46:08 | GirlWonder_ · age_up imperial |
| 46:44 | VN_BILL · first_building Barracks |
| 47:29 | VN_BILL · first_building Archery Range |
| 47:36 | machpatel · first_building Barracks |
| 47:53 | Songoku · tribute_sent a jugador 2 |
| 47:53 | Songoku · tribute_sent a jugador 3 |
| 47:53 | Songoku · tribute_sent a jugador 4 |
| 47:53 | Songoku · tribute_sent a jugador 5 |
| 47:53 | Songoku · tribute_sent a jugador 6 |
| 47:53 | Songoku · tribute_sent a jugador 7 |
| 47:53 | Songoku · tribute_sent a jugador 8 |
| 48:24 | umugwanyi · tribute_sent a jugador 1 |
| 48:24 | umugwanyi · tribute_sent a jugador 2 |
| 48:24 | umugwanyi · tribute_sent a jugador 3 |
| 48:24 | umugwanyi · tribute_sent a jugador 4 |
| 48:24 | umugwanyi · tribute_sent a jugador 5 |
| 48:24 | umugwanyi · tribute_sent a jugador 7 |
| 48:24 | umugwanyi · tribute_sent a jugador 8 |
| 48:56 | Songoku · first_building Siege Workshop |
| 49:37 | 快樂 543 · resign |
[ AI ANALYSIS · 1 CREDIT ]
What really happened in this match?
Wolo.gg analyzes every decision: build order, eco, micro, common mistakes by bracket. Personalized analysis on WhatsApp or Discord in 30 seconds.
Civ guide
Shu
Perfil
凛冬已至